Match 45184867
Unlisted

Match 45184867
End
Construct Section Command Post
Vickers Machine Gun Team
ML 3-inch Mortar Team
Infantry Section
Selects Air and Sea Battlegroup
Selects Supply Surplus
ML 3-inch Mortar Team
Infantry Section
Construct Platoon Command Post
6-pounder Anti-tank Gun Team
Construct Company Command Post
Construct Resource Cache
Crusader II Medium Tank
Crusader II Medium Tank
Selects Commando Section Paradrop
Selects M1 Pack Howitzer Paradrop
bl4ckjack
CalmSassarShow
rune41
Sponge_bobby
MatioS
Zbirga
زايون سوف تسقط
Stormwing
0
0

Comments sign in to comment!

No comments posted yet!